 Dungeon Crawl Stone Soup version 0.24.1-14-gf8d2b509d9 (webtiles) character file.

Game seed: 4990622875052036246, levelgen mode: deterministic

1320 MenacingMecha the Slinger (level 8, -7/49 HPs)
             Began as a Halfling Hunter on May 24, 2020.
             Was a Believer of Okawaru.
             Mangled by an orc warrior
             ... wielding a +0 war axe
              (17 damage)
             ... on level 5 of the Dungeon.
             The game lasted 00:12:17 (5452 turns).

MenacingMecha the Slinger (Halfling Hunter)         Turns: 5452, Time: 00:12:18

Health: -7/49      AC: 10    Str: 15    XL:     8   Next: 90%
Magic:  7/9        EV: 28    Int:  9    God:    Okawaru [**....]
Gold:   278        SH:  0    Dex: 15    Spells: 7/7 levels left

rFire    . . .     SeeInvis .   b - +1 dagger (venom)
rCold    . . .     Gourm    .   (shield restricted)
rNeg     . . .     Faith    .   B - +1 leather armour "Ustrie" {rPois}
rPois    +         Spirit   .   c - +0 helmet
rElec    .         Reflect  .   h - +0 cloak
rCorr    .         Harm     .   A - +1 pair of gloves (curse)
MR       .....                  (no boots)
Stlth    +++.......             (no amulet)
HPRegen  0.16/turn              x - +5 ring of evasion
MPRegen  0.11/turn              (no ring)

@: heroism
A: small, mutation resistance 1
a: Heroism, Renounce Religion


You were on level 5 of the Dungeon.
You worshipped Okawaru.
Okawaru was pleased with you.
You were not hungry.

You visited 1 branch of the dungeon, and saw 6 of its levels.

You collected 278 gold pieces.

Inventory:

Hand Weapons
 a - a +0 hunting sling of velocity
 b - a +1 dagger of venom (weapon)
 C - a +2 hunting sling
 I - a +0 rapier
Missiles
 d - 26 sling bullets
 e - 116 stones (quivered)
 j - 8 poisoned darts
 w - a throwing net
Armour
 c - a +0 helmet (worn)
 h - a +0 cloak (worn)
 r - a +0 scale mail
 A - a cursed +1 pair of gloves (worn)
 B - the +1 leather armour "Ustrie" (worn) {rPois}
   (You found it on level 4 of the Dungeon)

   It protects you from poison.
Jewellery
 x - a +5 ring of evasion (left hand)
Scrolls
 l - 3 scrolls of teleportation
 m - a scroll of enchant weapon
 n - a scroll of enchant armour
 p - 2 scrolls of identify
 q - 2 scrolls of fog {unknown}
 s - 2 scrolls of immolation {unknown}
 t - a scroll of random uselessness {unknown}
 y - a scroll of blinking {unknown}
 D - a scroll of magic mapping {unknown}
 E - a scroll of fear {unknown}
 J - 3 scrolls of noise {unknown}
Potions
 g - 2 potions of lignification {unknown}
 i - 3 potions of might {unknown}
 k - a potion of agility {unknown}
 o - 2 potions of ambrosia {unknown}
 u - a potion of mutation {unknown}
 v - a potion of degeneration {unknown}
 z - a potion of invisibility
 F - a potion of curing {unknown}
 G - 2 potions of heal wounds {unknown}
 H - a potion of resistance {unknown}
Comestibles
 f - 9 rations
 K - 7 chunks of flesh


   Skills:
 - Level 1.7(6.7) Fighting
 + Level 11.4(16.4) Slings
 - Level 4.1(9.1) Armour
 + Level 6.6(11.6) Dodging
 - Level 1.1(6.1) Stealth
 + Level 1.9 Invocations


You had 7 spell levels left.
You didn't know any spells.
Your spell library contained the following spells:

 Spells                   Type           Power        Failure   Level  Hunger
 Magic Dart               Conj           #...         43%         1    ##.....


Dungeon Overview and Level Annotations

Branches:
Dungeon (6/15)
 Temple: D:4-7

Altars:
Kikubaaqudgha
Okawaru
Sif Muna
Vehumet


Innate Abilities, Weirdness & Mutations

You are small and have problems with some larger weapons.
You are somewhat resistant to further mutation.


Message History

* * * LOW HITPOINT WARNING * * *
Quiver which item? (- for none, * to show all) (? for menu, Esc to quit)
Quivering
d - 26 sling bullets for slings.
Your +1 dagger of venom begins to drip with poison!
b - a +1 dagger of venom (weapon)
You hit the orc warrior but do no damage.
The orc warrior is poisoned.
The orc warrior barely misses you.
You hit the orc warrior but do no damage.
You barely miss the orc warrior. The orc warrior completely misses you.
You hit the orc warrior but do no damage.
The orc warrior looks as sick as possible!
The orc warrior misses you.
You hit the orc warrior.
The orc warrior is lightly wounded.
You hit the orc warrior but do no damage.
The orc warrior looks as sick as possible!
The orc warrior is moderately wounded.
The orc wizard looks encouraged for a moment.
The orc warrior hits you with a +0 war axe!
You die...

##......[........####
#####..)..รท>)........#
...##....[...........#
......#..)..........##
...####............##
...##......#.....###
...........#.##.o..#
....#.####...###o#.#
......## #...###@#.#
...#...####...#..#.#
..............#.##.#
.....#....##.##.##.#
###.##..#.##.##.##.#
###..<........#.##.#
.....####.###.#.##.#
#######...# #......###
# #....# #...#....#


You could see an orc warrior and an orc wizard.

Vanquished Creatures
  Sigmund (D:6)
  A water moccasin (D:5)
  An orc warrior (D:5)
  An ice beast (D:5)
  2 ogres (D:4)
  A bullfrog (D:3)
  A crimson imp (D:5)
  A howler monkey (D:4)
  2 bullfrog zombies
  A hound (D:4)
  2 orc wizards
  3 orc priests
  5 worker ants
  A hound zombie (D:5)
  Robin (D:4)
  4 gnolls (D:6)
  3 adders
  3 oozes
  2 worms
  4 leopard geckos
  11 orcs
  5 giant cockroaches
  7 hobgoblins
  9 jackals
  7 kobolds
  4 quokkas (D:4)
  8 bats
  3 frilled lizards
  18 goblins
  9 rats
121 creatures vanquished.

Notes
Turn   | Place    | Note
-------+----------+-------------------------------------------
     0 | D:1      | MenacingMecha the Halfling Hunter began the quest for the
                  | Orb.
     0 | D:1      | Reached XP level 1. HP: 14/14 MP: 1/1
   106 | D:1      | Reached skill level 6 in Slings
   186 | D:1      | Reached skill level 1 in Armour
   186 | D:1      | Reached XP level 2. HP: 19/19 MP: 2/2
  1111 | D:2      | Reached XP level 3. HP: 24/24 MP: 3/3
  1430 | D:2      | Reached XP level 4. HP: 29/29 MP: 4/4
  1558 | D:2      | Reached skill level 7 in Slings
  1972 | D:2      | Found an iron altar of Okawaru.
  1977 | D:2      | Became a worshipper of Warmaster Okawaru
  2096 | D:3      | Reached XP level 5. HP: 34/34 MP: 5/5
  3180 | D:4      | Reached skill level 8 in Slings
  3180 | D:4      | Reached XP level 6. HP: 39/39 MP: 6/6
  3256 | D:4      | Got a smoking leather armour
  3279 | D:3      | Identified the +1 leather armour "Ustrie" {rPois} (You
                  | found it on level 4 of the Dungeon)
  3496 | D:4      | Reached * piety under Okawaru
  3502 | D:4      | Noticed an ogre
  3605 | D:4      | Killed an ogre
  3605 | D:4      | Reached skill level 9 in Slings
  3605 | D:4      | Reached XP level 7. HP: 44/44 MP: 7/7
  3873 | D:4      | Noticed Robin
  3908 | D:4      | Killed Robin
  4119 | D:4      | Found an ancient bone altar of Kikubaaqudgha.
  4120 | D:4      | Found a radiant altar of Vehumet.
  4124 | D:4      | Found a shimmering blue altar of Sif Muna.
  4138 | D:4      | Identified Vehumet's Reference Book on Arcane Weapons
  4420 | D:5      | Entered Level 5 of the Dungeon
  4470 | D:5      | Reached ** piety under Okawaru
  4470 | D:5      | Reached skill level 10 in Slings
  4470 | D:5      | Reached skill level 5 in Dodging
  4470 | D:5      | Reached XP level 8. HP: 49/49 MP: 8/8
  5017 | D:5      | Reached skill level 11 in Slings
  5247 | D:6      | Noticed Sigmund
  5259 | D:6      | Killed Sigmund
  5259 | D:6      | Reached skill level 1 in Invocations
  5452 | D:5      | Mangled by an orc warrior

Levels and vault maps discovered:
D:1:      minmay_arrival_shattered_statue, layout_basic
D:2:      lemuel_upstairs_altar, layout_basic
D:3:      layout_loops_ring
D:4:      layout_basic, grunt_temple_overflow_magic_moments, first_ration,
          minmay_bisected, uniq_robin
D:5:      layout_rooms
D:6:      layout_basic, nicolae_overflow_quartered_altars,
          minmay_guarded_unrand_staff_of_olgreb, uniq_sigmund

Skill      XL: |  1  2  3  4  5  6  7  8 |
---------------+-------------------------+-----
Slings         | 6 7 8 9 10 11 | 11.4
Armour         | 1 2 3 4 |  4.1
Dodging        | 3 5 6 |  6.6
Invocations    | 1 |  1.9
Fighting       | |  1.7
Stealth        | |  1.1

Action                   |  1- 3 |  4- 6 |  7- 9 || total
-------------------------+-------+-------+-------++-------
Melee: Dagger            |       |    23 |     6 ||    29
 Fire: Hunting sling     |    98 |   220 |   229 ||   547
Invok: Heroism           |       |       |     3 ||     3
  Use: Scroll            |       |     4 |       ||     4
  Eat: Chunk             |     1 |     7 |     5 ||    13
Armor: Leather armour    |     3 |     7 |     9 ||    19
       Scale mail        |     7 |    29 |       ||    36
Dodge: Dodged            |    23 |    67 |    58 ||   148
